 Dungeon Crawl Stone Soup version 0.21-a0-344-g2144152 (webtiles) character file.

156 tidbits the Charmwright (level 5, -1/43 HPs)
             Began as a Gnoll Skald on Oct 4, 2017.
             Was an Initiate of Cheibriados.
             Slain by a gnoll
             ... wielding a +0 spear
              (10 damage)
             ... on level 3 of the Dungeon.
             The game lasted 00:05:04 (699 turns).

tidbits the Charmwright (Gnoll Skald)                Turns: 699, Time: 00:05:04

Health: -1/43      AC:  5    Str: 15    XL:     5   Next: 37%
Magic:  1/12       EV: 13    Int: 20    God:    Cheibriados [......]
Gold:   92         SH:  0    Dex: 15    Spells: 3/14 levels left

rFire    . . .     SeeInvis .   a - +0 hand axe
rCold    . . .     Gourm    .   (no shield)
rNeg     . . .     Faith    .   B - +0 ring mail
rPois    .         Spirit   .   (no helmet)
rElec    .         Reflect  .   (no cloak)
rCorr    .         Harm     .   (no gloves)
MR       .....                  (no boots)
Stlth    +.........             (no amulet)
HPRegen  0.14/turn              (no ring)
MPRegen  0.13/turn              m - +3 ring of intelligence

@: infused (expiring), very slow
A: distributed training, fangs 1, strong nose
a: Bend Time, Renounce Religion


You were on level 3 of the Dungeon.
You worshipped Cheibriados.
Cheibriados was noncommittal.
You were not hungry.

You visited 1 branch of the dungeon, and saw 3 of its levels.

You collected 92 gold pieces.

Inventory:

Hand Weapons
 a - a +0 hand axe (weapon)
 v - a +1 dagger of venom
   (You took it off a goblin on level 2 of the Dungeon)
Missiles
 e - 18 arrows
 f - 35 stones (quivered)
Armour
 b - a +0 leather armour
 B - a +0 ring mail (worn)
Jewellery
 g - an uncursed ring of teleportation
   (You found it on level 1 of the Dungeon)
 m - a +3 ring of intelligence (right hand)
   (You found it on level 1 of the Dungeon)
Scrolls
 k - a scroll of blinking {unknown}
 o - a scroll of identify {unknown}
Potions
 h - a potion of heal wounds {unknown}
 j - 2 potions of curing {unknown}
 l - a potion of might
 p - a potion of resistance {unknown}
Books
 c - a book of Battle

   Spells                             Type                      Level
   a - Infusion                       Charms                       1
   b - Shroud of Golubria             Charms/Translocation         2
   c - Song of Slaying                Charms                       2
   d - Spectral Weapon                Hexes/Charms                 3
   e - Regeneration                   Charms/Necromancy            3
Comestibles
 d - 2 bread rations
 i - a royal jelly
 n - 2 meat rations
 q - 4 fruits


   Skills:
 + Level 4.7 Fighting
 + Level 1.4 Short Blades
 + Level 1.4 Long Blades
 + Level 4.7 Axes
 + Level 1.4 Maces & Flails
 + Level 1.4 Polearms
 + Level 1.4 Staves
 + Level 1.4 Slings
 + Level 1.4 Bows
 + Level 1.4 Crossbows
 + Level 1.4 Throwing
 + Level 2.9 Armour
 + Level 4.7 Dodging
 + Level 1.4 Stealth
 + Level 1.4 Shields
 + Level 1.4 Unarmed Combat
 + Level 5.2 Spellcasting
 + Level 1.4 Conjurations
 + Level 1.4 Hexes
 + Level 6.7 Charms
 + Level 1.4 Summonings
 + Level 1.4 Necromancy
 + Level 1.4 Translocations
 + Level 1.4 Transmutations
 + Level 1.4 Fire Magic
 + Level 1.4 Ice Magic
 + Level 1.4 Air Magic
 + Level 1.4 Earth Magic
 + Level 1.4 Poison Magic
 + Level 1.4 Invocations
 + Level 1.4 Evocations


You had 3 spell levels left.
You knew the following spells:

 Your Spells              Type           Power        Failure   Level  Hunger
g - Shroud of Golubria    Chrm/Tloc      ###.......   6%          2    None
i - Infusion              Chrm           ####         1%          1    None
r - Regeneration          Chrm/Necr      ###.......   12%         3    ##.....
s - Song of Slaying       Chrm           ####....     1%          2    None
w - Spectral Weapon       Hex/Chrm       ###.....     12%         3    ##.....


Dungeon Overview and Level Annotations

Branches:
Dungeon (3/15)

Altars:
Cheibriados
Hepliaklqana
Okawaru
Qazlal
Ru
Sif Muna


Innate Abilities, Weirdness & Mutations

Your experience applies equally to all skills.
You have very sharp teeth.
Your uncanny sense of smell can sniff out nearby items.


Message History

A kobold comes into view. It is wielding a club.
The bat barely misses you.
Found a pair of boots.
You hit the bat.
You kill the bat!
Cheibriados thoroughly appreciates the change of pace.
A leopard gecko comes into view.
Found 9 gold pieces.
You see here a meat ration.
n - 2 meat rations (gained 1)
The leopard gecko hisses angrily.
A gnoll comes into view. It is wielding a spear.
The gnoll shouts!
You hear a shout!
A leopard gecko and 2 gnolls come into view.
You see here a scroll labeled BOLIL VOCUSHRI.
k - a scroll labeled BOLIL VOCUSHRI The gnoll moves out of view.
A ball python comes into view.
You miss the leopard gecko.
The ball python hisses angrily.
Your bite misses the leopard gecko.
The leopard gecko bites you but does no damage.
Wield which item (- for none, * to show all)? (? for menu, Esc to quit)
Your +1 dagger of venom stops dripping with poison.
a - a +0 hand axe (weapon)
Casting: Infusion
Confirm with . or Enter, or press ? or * to list all spells.
You draw out your weapon's spirit!
The leopard gecko closely misses you.
The leopard gecko bites you but does no damage.
You closely miss the leopard gecko.
Your spectral weapon misses the leopard gecko.
The leopard gecko closely misses you.
A gnoll comes into view. It is wielding a spear.
Casting: Spectral Weapon
Confirm with . or Enter, or press ? or * to list all spells.
Space distorts slightly along a thin shroud covering your body.
The gnoll shouts!
The leopard gecko barely misses you. The leopard gecko closely misses you.
The ball python bites you but does no damage.
The ball python barely misses you. The gnoll misses you.
The leopard gecko bites you but does no damage.
The gnoll completely misses you.
The ball python bites you but does no damage.
The ball python grabs you. The ball python constricts you.
The gnoll hits you from afar with a spear.
The leopard gecko barely misses you.
You slash the gnoll!
The gnoll is almost dead.
You completely miss the ball python. You closely miss the leopard gecko.
You completely miss the leopard gecko.
Your spectral weapon hits the gnoll but does no damage.
Your spectral weapon hits the leopard gecko. x2
The leopard gecko bites you. The ball python closely misses you.
The ball python constricts you. The gnoll misses you.
Your shroud bends the gnoll's attack away.
The leopard gecko barely misses you.
You hit the gnoll!
You kill the gnoll!
Cheibriados appreciates the change of pace.
You hit the ball python.
You kill the ball python!
Cheibriados appreciates the change of pace.
You closely miss the leopard gecko. You barely miss the leopard gecko.
The leopard gecko misses you. The leopard gecko closely misses you.
The gnoll hits you from afar with a spear!
Your shroud falls apart!
The leopard gecko misses you. The gnoll closely misses you.
You closely miss the gnoll. You hit the leopard gecko.
You kill the leopard gecko!
Cheibriados appreciates the change of pace.
You hit the leopard gecko.
You kill the leopard gecko!
Cheibriados appreciates the change of pace.
Your spectral weapon barely misses the gnoll.
The gnoll hits you from afar with a spear. x2
* * * LOW HITPOINT WARNING * * *
The gnoll barely misses you.
You slash the gnoll! Your bite misses the gnoll.
The gnoll is severely wounded.
Your magical infusion is running out.
Your spectral weapon barely misses the gnoll.
The gnoll hits you but does no damage. The gnoll misses you. x2
The gnoll closely misses you.
You closely miss the gnoll.
The gnoll is severely wounded.
Your spectral weapon hits the gnoll!
You kill the gnoll!
Cheibriados thoroughly appreciates the change of pace.
The gnoll closely misses you. x2
The gnoll hits you with a spear.
* * * LOW HITPOINT WARNING * * *
The gnoll misses you. The gnoll completely misses you.
You see here a halberd.
You hit the gnoll. Your bite misses the gnoll.
The gnoll is moderately wounded.
You barely miss the gnoll. The gnoll hits you with a spear!
* * * LOW HITPOINT WARNING * * *
The gnoll hits you with a spear!
You die...

#####.##..# ..# ..####
#.....##..##..##......
#........#..#.....#...
###†......#)...#......
.........#..##..#$....
###.....#...##...#.##
#.....#.......†.†#.# ∆
#.........####.....##.#
#........## ##@(......
..........##...gg.......
...##.....##............
... #.....##............
... #.....##............
.. ########...##.......
.... ....... .....
.......


You could see 2 gnolls and a friendly spectral hand axe.

Vanquished Creatures
  2 orc wizards (D:2)
  2 gnolls (D:3)
  2 adders (D:2)
  An ooze (D:1)
  2 leopard geckos (D:3)
  3 orcs (D:2)
  2 ball pythons (D:3)
  2 giant cockroaches
  2 goblins
  6 hobgoblins
  7 jackals (D:2)
  6 kobolds
  A quokka (D:2)
  5 bats
  4 frilled lizards
  6 rats
53 creatures vanquished.

Notes
Turn   | Place    | Note
-------+----------+-------------------------------------------
     0 | D:1      | tidbits the Gnoll Skald began the quest for the Orb.
     0 | D:1      | Reached XP level 1. HP: 20/20 MP: 6/6
   147 | D:1      | Reached XP level 2. HP: 26/26 MP: 2/7
   151 | D:1      | Learned a level 2 spell: Song of Slaying
   154 | D:1      | Learned a level 2 spell: Shroud of Golubria
   348 | D:2      | Found a stormy altar of Qazlal.
   358 | D:2      | Reached XP level 3. HP: 31/31 MP: 2/9
   363 | D:2      | Reached skill level 5 in Spellcasting
   370 | D:2      | Reached skill level 1 in Short Blades
   370 | D:2      | Reached skill level 1 in Long Blades
   370 | D:2      | Reached skill level 1 in Maces & Flails
   370 | D:2      | Reached skill level 1 in Polearms
   370 | D:2      | Reached skill level 1 in Staves
   370 | D:2      | Reached skill level 1 in Slings
   370 | D:2      | Reached skill level 1 in Bows
   370 | D:2      | Reached skill level 1 in Crossbows
   370 | D:2      | Reached skill level 1 in Throwing
   370 | D:2      | Reached skill level 1 in Stealth
   370 | D:2      | Reached skill level 1 in Shields
   370 | D:2      | Reached skill level 1 in Unarmed Combat
   370 | D:2      | Reached skill level 1 in Conjurations
   370 | D:2      | Reached skill level 1 in Hexes
   370 | D:2      | Reached skill level 1 in Summonings
   370 | D:2      | Reached skill level 1 in Necromancy
   370 | D:2      | Reached skill level 1 in Translocations
   370 | D:2      | Reached skill level 1 in Transmutations
   370 | D:2      | Reached skill level 1 in Fire Magic
   370 | D:2      | Reached skill level 1 in Ice Magic
   370 | D:2      | Reached skill level 1 in Air Magic
   370 | D:2      | Reached skill level 1 in Earth Magic
   370 | D:2      | Reached skill level 1 in Poison Magic
   370 | D:2      | Reached skill level 1 in Invocations
   370 | D:2      | Reached skill level 1 in Evocations
   374 | D:2      | Reached XP level 4. HP: 9/38 MP: 0/11
   389 | D:2      | Found a sacrificial altar of Ru.
   395 | D:2      | Learned a level 3 spell: Regeneration
   399 | D:2      | Learned a level 3 spell: Spectral Weapon
   540 | D:2      | Found a snail-covered altar of Cheibriados.
   541 | D:2      | Reached XP level 5. HP: 31/43 MP: 4/12
   549 | D:2      | Became a worshipper of Cheibriados the Contemplative
   555 | D:2      | Found a hazy altar of Hepliaklqana.
   569 | D:2      | Found a deep blue altar of Sif Muna.
   572 | D:2      | Found an iron altar of Okawaru.
   699 | D:3      | Slain by a gnoll

Vault maps used:
D:1:      matt_arrival_los_fun
D:2:      grunt_temple_overflow_cloverleaf,
          chequers_temple_overflow_statue_of_worship,
          chequers_ecumenical_altar_simple, uniq_robin
D:3:      kb_forest_paths, minivault_26, uniq_purgy

Skill      XL: |  1  2  3 |
---------------+----------+-----
Spellcasting   | 5 |  5.2
Short Blades   | 1 |  1.4
Long Blades    | 1 |  1.4
Maces & Flails | 1 |  1.4
Polearms       | 1 |  1.4
Staves         | 1 |  1.4
Slings         | 1 |  1.4
Bows           | 1 |  1.4
Crossbows      | 1 |  1.4
Throwing       | 1 |  1.4
Stealth        | 1 |  1.4
Shields        | 1 |  1.4
Unarmed Combat | 1 |  1.4
Conjurations   | 1 |  1.4
Hexes          | 1 |  1.4
Summonings     | 1 |  1.4
Necromancy     | 1 |  1.4
Translocations | 1 |  1.4
Transmutations | 1 |  1.4
Fire Magic     | 1 |  1.4
Ice Magic      | 1 |  1.4
Air Magic      | 1 |  1.4
Earth Magic    | 1 |  1.4
Poison Magic   | 1 |  1.4
Invocations    | 1 |  1.4
Evocations     | 1 |  1.4
Fighting       | |  4.7
Axes           | |  4.7
Armour         | |  2.9
Dodging        | |  4.7
Charms         | |  6.7

Action                   |  1- 3 |  4- 6 || total
-------------------------+-------+-------++-------
Melee: Hand axe          |    44 |    48 ||    92
       Bite              |     2 |     5 ||     7
       Dagger            |       |    18 ||    18
 Cast: Infusion          |     5 |     3 ||     8
       Regeneration      |       |     2 ||     2
       Shroud of Golubri |       |     2 ||     2
       Spectral Weapon   |       |     1 ||     1
  Use: Scroll            |     1 |       ||     1
       Potion            |     1 |       ||     1
Armor: Ring mail         |    15 |    23 ||    38
Dodge: Dodged            |    30 |    83 ||   113

Table legend:
 A = Spawn XP
 B = Non-spawn XP
 C = Spawn XP percentage of total XP
 D = Spawn monster count
 E = Non-spawn monster count
 F = Spawn count percentage of total count
 G = Total turns spent on level
                    A         B        C        D         E        F      G
               +---------+---------+-------+---------+---------+-------+---------
         Total |       0 |     223 |   0.0 |       0 |      53 |   0.0 |   699
               +---------+---------+-------+---------+---------+-------+---------
           D:1 |       0 |      24 |   0.0 |       0 |      11 |   0.0 |   285
           D:2 |       0 |     153 |   0.0 |       0 |      30 |   0.0 |   345
           D:3 |       0 |      46 |   0.0 |       0 |      12 |   0.0 |    69
               +---------+---------+-------+---------+---------+-------+---------

Table legend:
 A = Turns spent in this place as a percentage of turns spent in the entire game.
 B = Non-inter-level travel turns spent in this place as a percentage of non-inter-level travel turns spent in the entire game.
 C = Inter-level travel turns spent in this place as a percentage of turns spent in this place.
 D = Turns resting spent in this place as a percentage of non-inter-level travel turns spent in this place.
 E = Turns spent auto-exploring this place as a percentage of non-inter-level travel turns spent in this place.
 F = Non-inter-level travel turns spent in this place divided by the number of levels of this place that you've seen.
                   A       B       C       D       E      F
               +-------+-------+-------+-------+-------+----------------------
         Total | 100.0 | 100.0 |   0.0 |   0.0 |   0.0 | 233.0
       Dungeon | 100.0 | 100.0 |   0.0 |   0.0 |   0.0 | 233.0
               +-------+-------+-------+-------+-------+----------------------

Table legend:
 A = Kills in this place as a percentage of kills in entire the game.
 B = Kills by you in this place as a percentage of kills by you in the entire game.
 C = Kills by friends in this place as a percentage of kills by friends in the entire game.
 D = Other kills in this place as a percentage of other kills in the entire game.
 E = Experience gained in this place as a percentage of experience gained in the entire game.
 F = Experience gained in this place divided by the number of levels of this place that you have seen.
                   A       B       C       D       E      F
               +-------+-------+-------+-------+-------+----------------------
         Total | 100.0 | 100.0 |   N/A |   N/A | 100.0 |  74.3
       Dungeon | 100.0 | 100.0 |   N/A |   N/A | 100.0 |  74.3
               +-------+-------+-------+-------+-------+----------------------

Vault maps used:
D:1:      matt_arrival_los_fun
D:2:      grunt_temple_overflow_cloverleaf,
          chequers_temple_overflow_statue_of_worship,
          chequers_ecumenical_altar_simple, uniq_robin
D:3:      kb_forest_paths, minivault_26, uniq_purgy
